 Dungeon Crawl Stone Soup version 0.29.0-13-gc9e81de378 (webtiles) character file.

Game seed: 13007713765992254558

2141 Artool the Trooper (level 9, -2/62 HPs)
             Began as a Demonspawn Gladiator on Sept 7, 2022.
             Was a Follower of Hepliaklqana.
             Slain by Maggie
             ... wielding a +1 glaive of flaming
              (9 damage)
             ... on level 7 of the Dungeon.
             The game lasted 00:18:45 (7631 turns).

Artool the Trooper (Demonspawn Gladiator)           Turns: 7631, Time: 00:18:49

Health: -2/62      AC: 13    Str: 18    XL:     9   Next: 9%
Magic:  9/9        EV: 14    Int:  9    God:    Hepliaklqana [*.....]
Gold:   402        SH:  0    Dex: 16    Spells: 8/8 levels left

rFire   . . .      SeeInvis .   a - +4 whip
rCold   . . .      Faith    .   (no shield)
rNeg    . . .      Spirit   .   b - +0 leather armour
rPois   .          Reflect  .   c - +0 helmet
rElec   .          Harm     .   x - +0 cloak
rCorr   .          Rampage  .   (no gloves)
Will    .....                   (no boots)
Stlth   +.........              (no amulet)
HPRegen 0.20/turn               i - +4 ring of slaying
MPRegen 0.11/turn               u - +4 ring of protection

@: no status effects
A: reduced essence, icy blue scales 2, demonic guardian 2, demonic touch 1
a: Renounce Religion, Recall Ancestor, Ancestor Identity


You were on level 7 of the Dungeon.
You worshipped Hepliaklqana.
Hepliaklqana was aware of your devotion.
You visited 2 branches of the dungeon, and saw 8 of its levels.

You collected 402 gold pieces.

Inventory:

Hand Weapons
 a - a +4 whip (weapon)
Missiles
 d - 5 throwing nets
 e - a javelin
 n - 3 poisoned darts (quivered)
 y - a curare-tipped dart
 E - a boomerang
Armour
 b - a +0 leather armour (worn)
 c - a +0 helmet (worn)
 x - a +0 cloak (worn)
Jewellery
 i - a +4 ring of slaying (left hand)
 u - a +4 ring of protection (right hand)
 A - a +4 ring of evasion
Wands
 t - a wand of polymorph (6)
Scrolls
 f - 8 scrolls of identify {unknown}
 h - 9 scrolls of teleportation {unknown}
 k - a scroll of silence {unknown}
 p - a scroll of amnesia {unknown}
 q - a scroll of poison {unknown}
 s - a scroll of fear {unknown}
 v - a scroll of magic mapping {unknown}
 w - 5 scrolls of vulnerability {unknown}
 B - 3 scrolls of enchant armour {unknown}
 C - a scroll of noise {unknown}
 F - 2 scrolls of blinking {unknown}
Potions
 g - a potion of flight {unknown}
 j - a potion of heal wounds {unknown}
 l - 2 potions of brilliance
 m - 2 potions of curing
 o - 4 potions of degeneration {unknown}
 r - 3 potions of haste {unknown}
 z - a potion of lignification {unknown}
 D - 2 potions of magic {unknown}


   Skills:
 + Level 6.2 Fighting
 + Level 6.1 Maces & Flails
 - Level 2.0 Throwing
 + Level 5.3 Armour
 + Level 6.1 Dodging


You had 8 spell levels left.
You didn't know any spells.
Your spell library contained the following spells:

 Spells                   Type           Power      Damage    Failure   Level
 Sandblast                Erth           0%         2d4       43%         1
 Dazzling Flash           Conj/Hex       0%         N/A       80%         3
 Inner Flame              Hex/Fire       0%         N/A       80%         3
 Cause Fear               Hex            0%         N/A       99%         4
 Iskenderun's Mystic Bla  Conj/Tloc      0%         2d3       99%         4
 Starburst                Conj/Fire      0%         6d3       100%        6
 Dragon Form              Tmut           0%         N/A       100%        7
 Discord                  Hex            0%         N/A       100%        8
 Dragon's Call            Summ           0%         N/A       100%        9


Dungeon Overview and Level Annotations

Branches:
Dungeon (7/15)             Temple (1/1) D:4

Altars:
Ashenzari
Dithmenos
Fedhas
Gozag
Hepliaklqana
Kikubaaqudgha
Makhleb
Nemelex Xobeh
Qazlal
Ru
Wu Jian
Xom
Yredelemnul

Shops:
D:4 *

Annotations:
D:2 1 runed translucent door, Crazy Yiuf, Jessica
D:3 3 runed translucent doors, Cai's ghost, amateur HuWn
D:4 2 transporters, kuniqs's ghost, novice DsCj
D:7 Maggie


Innate Abilities, Weirdness & Mutations

Your life essence is reduced to manifest your ancestor. (-10% HP)
You are mostly covered in icy blue scales. (AC +3)
A demonic guardian rushes to your aid.
Your touch may inflict minor irresistible damage on your foes.


Message History

You barely miss Dowan.
Dowan is lightly wounded.
Zosia hits Duvessa but does no damage.
Maggie completely misses you. Duvessa barely misses you.
Dowan hits you with a +0 dagger.
You whack Dowan!
Dowan is heavily wounded.
Zosia hits Duvessa.
You whack Dowan!
You kill Dowan!
Duvessa screams in rage.
Duvessa goes berserk!
Duvessa barely misses you. Maggie gestures at you while chanting.
The bolt of fire hits you!!
A demonic guardian appears!
The bolt of fire hits Zosia!
Zosia resists.
Duvessa hits you with a +0 short sword.
You hit Duvessa.
Duvessa is heavily wounded.
Zosia hits Duvessa.
Maggie drinks a potion.
Maggie seems to grow stronger.
Duvessa closely misses you.
You hit Duvessa but do no damage.
Duvessa is severely wounded.
Your ice devil hits Duvessa.
Your ice devil freezes Duvessa!!
Duvessa dies!
Maggie misses you.
You break out of your daze.
Maggie misses you.
Things that are here:
a +0 dagger; a +0 robe You whack Maggie!
Maggie is lightly wounded.
Your ice devil barely misses Maggie.
Zosia hits Maggie but does no damage.
Maggie closely misses you.
You swap places.
Your ice devil hits Maggie but does no damage.
Zosia hits Maggie but does no damage.
Maggie hits you with a +1 glaive of flaming!!
* * * LOW HITPOINT WARNING * * *
A demonic guardian appears!
Maggie burns you!
You die...

######.##########.##.#####.#
#............^#.# #.#
###############.# #.# ..
#........# #.#
####.###.######## #.#
#......#.# #<# #......#.#
######.#
..#....4@#.#######......#
#......R@#.........###..#
#......)4#############..#
#....###.#..<........#..#
#### #.###.#######.#..# #.#
#.#.....#.#... #.#
#.#.###.#.#.## #.#
#.#.#.....#### #.#
#.#.#.#....... #.#
#.#.#.########


You could see the friendly Zosia the ancestor, Maggie (strong, ally target), a
friendly orange demon (summoned) and a friendly ice devil (summoned).

Vanquished Creatures
  Menkaure (D:5)
  2 water moccasins
  A sky beast (D:7)
  An ice beast (D:7)
  A black bear (D:6)
  An ogre (D:6)
  A centaur (D:5)
  A scorpion (D:5)
  5 bullfrogs
  Dowan (D:7)
  2 hounds
  2 orc priests
  2 jellies
  2 iguanas
  11 adders
  11 gnolls
  A white imp (D:6)
  An ufetubus (D:4)
  3 worms
  2 dart slugs (D:5)
  8 orcs
  2 endoplasms
  A giant cockroach (D:2)
  7 goblins
  6 hobgoblins
  5 jackals
  5 quokkas
  6 ball pythons
  7 bats
  3 frilled lizards
  5 kobolds
  3 rats
110 creatures vanquished.

Vanquished Creatures (collateral kills)
  Duvessa (D:7)
  An orc warrior (D:7)
  A centaur (D:6)
  A kobold brigand (D:4)
  A gnoll bouda (D:6)
  An orc wizard (D:7)
  2 gnolls (D:6)
  2 orcs (D:7)
10 creatures vanquished.

Vanquished Creatures (others)
  2 ancestors
2 creatures vanquished.

Grand Total: 122 creatures vanquished

Notes
Turn   | Place    | Note
-------+----------+-------------------------------------------
     0 | D:1      | Artool the Demonspawn Gladiator began the quest for the
                  | Orb.
     0 | D:1      | Reached XP level 1. HP: 16/16 MP: 1/1
   467 | D:1      | Found a faded altar of an unknown god.
   471 | D:1      | Got Plato's Volume of the Mountains
   893 | D:1      | Gained mutation: You are partially covered in icy blue
                  | scales. (AC +2) [demonic ancestry]
   893 | D:1      | Reached XP level 2. HP: 20/22 MP: 2/2
  1403 | D:2      | Found a runed translucent door.
  1404 | D:2      | Noticed Crazy Yiuf
  1577 | D:2      | Reached skill level 1 in Armour
  1577 | D:2      | Gained mutation: A weak demonic guardian rushes to your
                  | aid. [demonic ancestry]
  1577 | D:2      | Reached XP level 3. HP: 11/28 MP: 3/3
  1882 | D:2      | Found an ornate altar of the Wu Jian Council.
  1936 | D:2      | Noticed Jessica
  1986 | D:3      | Found a runed translucent gate.
  1986 | D:3      | Found a runed translucent gate.
  1986 | D:3      | Found a runed translucent gate.
  1986 | D:3      | Noticed Cai's ghost (amateur HuWn)
  2420 | D:3      | Reached XP level 4. HP: 33/34 MP: 4/4
  2705 | D:3      | Identified the +4 chain mail of Ijocs {Harm}
  3203 | D:4      | Found a transporter.
  3222 | D:4      | Gained mutation: Your touch may inflict minor irresistible
                  | damage on your foes. [demonic ancestry]
  3222 | D:4      | Reached XP level 5. HP: 36/41 MP: 5/5
  3306 | D:4      | Found a transporter.
  3337 | D:4      | Found Duocixt's Assorted Antiques.
  3615 | D:4      | Found a staircase to the Ecumenical Temple.
  3626 | Temple   | Entered the Ecumenical Temple
  3634 | Temple   | Became a worshipper of Hepliaklqana the Forgotten
  3793 | D:4      | Found a blossoming altar of Fedhas.
  3854 | D:4      | Gained mutation: A demonic guardian rushes to your aid.
                  | [demonic ancestry]
  3854 | D:4      | Reached XP level 6. HP: 40/47 MP: 6/6
  3931 | D:4      | Found an opulent altar of Gozag.
  3984 | D:4      | Noticed kuniqs's ghost (novice DsCj)
  4075 | D:5      | Entered Level 5 of the Dungeon
  4858 | D:5      | Noticed a water moccasin
  4874 | D:5      | Killed a water moccasin
  4875 | D:5      | Gained mutation: You are mostly covered in icy blue scales.
                  | (AC +3) [demonic ancestry]
  4875 | D:5      | Reached XP level 7. HP: 41/54 MP: 7/7
  5187 | D:5      | Found a broken altar of Ashenzari.
  5188 | D:5      | Noticed Menkaure
  5194 | D:5      | Killed Menkaure
  5833 | D:6      | Reached skill level 5 in Maces & Flails
  5833 | D:6      | Reached skill level 5 in Dodging
  5833 | D:6      | Reached XP level 8. HP: 12/61 MP: 8/8
  6100 | D:6      | Reached skill level 5 in Fighting
  6102 | D:6      | Reached * piety under Hepliaklqana
  7198 | D:7      | Reached skill level 5 in Armour
  7605 | D:7      | Reached XP level 9. HP: 62/62 MP: 9/9
  7616 | D:7      | Noticed Dowan
  7617 | D:7      | Noticed Duvessa
  7618 | D:7      | Noticed Maggie
  7626 | D:7      | Killed Dowan
  7628 | D:7      | Killed Duvessa
  7631 | D:7      | Slain by Maggie

Illustrated notes

Levels and vault maps discovered:
D:1:      dpeg_arrival_simpleton_b, layout_basic,
          shapermc_ecumenical_altar_rom_forum
D:2:      minmay_spotlight, layout_basic, basic_altar, uniq_crazy_yiuf_cottage,
          uniq_jessica
D:3:      layout_basic, biasface_ghost_orc_armoury, st_stairs_11,
          kennysheep_generic_room_7
D:4:      layout_rooms, mainiacjoe_overflow_small_starburst,
          nicolae_overflow_crystal_walls, minmay_temple_entry_junction,
          serial_shops, shop_statue, gammafunk_ghost_mausoleum,
          serial_park_tiny_2
D:5:      layout_basic, ashenzari_altar_1, uniq_menkaure
D:6:      layout_cave_pools, serial_column_ruins, column_ruins_grid_1,
          column_ruins_open_medium, column_ruins_columns_straight,
          column_ruins_open_tiny, column_ruins_grid_1,
          column_ruins_columns_straight
D:7:      layout_basic, uniq_duvessa, uniq_maggie
Temple:   nicolae_temple_bog_church

Skill      XL: |  1  2  3  4  5  6  7  8 |
---------------+-------------------------+-----
Throwing       | 2 |  2.0
Maces & Flails | 3 4 5 6 |  6.1
Dodging        | 3 4 5 6 |  6.1
Armour         | 1 2 3 4 5 |  5.3
Fighting       | 3 4 6 |  6.2

Action                   |  1- 3 |  4- 6 |  7- 9 || total
-------------------------+-------+-------+-------++-------
Melee: Flail             |    83 |       |       ||    83
       Whip              |    51 |   138 |   111 ||   300
       Punch             |     1 |     1 |       ||     2
       Touch             |       |    14 |    25 ||    39
Throw: Dart              |       |       |     1 ||     1
Invok: Ancestor Identity |       |       |     1 ||     1
  Use: Potion            |       |       |     1 ||     1
 Stab: Distracted        |       |     2 |     2 ||     4
Armor: Leather armour    |    47 |    47 |    43 ||   137
Dodge: Dodged            |    85 |   100 |    91 ||   276
